Workbook

Sheet Budget
A1: 2026 - 2027
A2: Mary of Nazareth Home & School Association Budget
A4: INCOME: | C4: 2021-2022 Budget | D4: 2021-2022 Actual | E4: 2023-2024 Budget | F4: 2023-2024 Actual | G4: 2024-2025 Budget | H4: 2024-2025 Actual | I4: 2025-2026 Budget | J4: 2025-2026 Actual | K4: 2026 -2027 Budget (PROPOSED) | L4: Purpose
A5: Class Activity Fee (CAF) | C5: 8500 | D5: 8780 | E5: 8500 | F5: 10600 | G5: 10000 | H5: 8400 | I5: 9000 | J5: 9200 | K5: 9000 | L5: CAF fees for classroom related activitives. Managed by the room parents
A6: Cultural Arts - Field Trips | C6: 26000 | D6: 0 | E6: 25000 | F6: 36963.91 | G6: 30000 | H6: 30625.39 | I6: 31000 | J6: 30195.5 | K6: 30000 | L6: Classroom field trips which is paid by the parents. This should be a net zero balance with Cultural Arts Expense - Field Trips
A7: Family Activities | C7: 11000 | D7: 0 | E7: =SUM(E8:E14) -> 15300 | F7: =SUM(F8:F14) -> 19135 | G7: =SUM(G8:G14) -> 22800 | H7: =SUM(H8:H14) -> 25383.64 | I7: =SUM(I8:I14) -> 26500 | J7: =SUM(J8:J14) -> 26107 | K7: =SUM(K8:K14) -> 26150
B8: Back To School Picnic | C8: 2800 | D8: 0 | E8: 4200 | F8: 4140 | G8: 4400 | H8: 5125 | I8: 5500 | J8: =GETPIVOTDATA("[Measures].[Sum of Total sales]",'[1]PIVOT 10.6.25'!$A$3,"[Range].[Line Item]","[Range].[Line Item].&[PICN]") -> 5675 | K8: 5800 | L8: Event held after the return of the school year.
B9: Breakfast with Santa | C9: - | D9: 0 | E9: 3200 | F9: 0 | G9: 3500 | H9: 4270 | I9: 4500 | J9: 4275 | K9: 4300 | L9: Income/Fees collected for the Christmas event
B10: Fall Social | C10: - | D10: 535 | E10: 0 | F10: 0 | G10: 0 | H10: 325 | I10: 0 | J10: 0
B11: Father Daughter Dance | C11: - | D11: 980 | E11: 3300 | F11: 3885 | G11: 3500 | H11: 3920 | I11: 4000 | J11: 4060 | K11: 4000 | L11: Income from the sale of the event set by the chair of the event
B12: Mother Son Event | E12: 2500 | F12: 7875 | G12: 8000 | H12: 7415.64 | I12: 8000 | J12: 7720 | K12: 7800 | L12: New event in 2023. Event was held at the bowling alley
B13: International Night | C13: - | D13: 0 | E13: 1300 | F13: 1980 | G13: 1900 | H13: 3140 | I13: 3000 | J13: 2625 | K13: 2750 | L13: Income from the sale of the event set by the chair of the event
B14: Spring K-5 Dance | C14: - | D14: 2033.18 | E14: 800 | F14: 1255 | G14: 1500 | H14: 1188 | I14: 1500 | J14: 1752 | K14: 1500 | L14: Income from the sale of the event set by the chair of the event
A15: Golf Event | C15: - | D15: 12775 | E15: 12000 | F15: 14955 | G15: 16000 | H15: 17910 | I15: 18000 | J15: 20760 | K15: 20000 | L15: Golf event held to raise funds for the sports committee. This is considered sports committee income
A16: Food Fundraisers | C16: 1000 | D16: 1743.5 | E16: 500 | F16: 340.48 | G16: 500 | H16: 22.4 | I16: 300 | J16: 0 | K16: 0 | L16: Harris teeter / box tops program
A17: HSA Dues | C17: 7000 | D17: 7114.05 | E17: 7000 | F17: 7225 | G17: 7200 | H17: 5700 | I17: 6500 | J17: 7075 | K17: 6800 | L17: HSA fee of $25 per family for the school year.
A18: Other | C18: 2000 | D18: 0 | E18: 0
B19: Lego League | C19: - | D19: 0 | E19: 0 | F19: 0 | G19: 0 | H19: 0 | I19: 0 | J19: 0 | K19: 0
B20: Chess Club | C20: - | D20: 0 | E20: 0 | F20: 0 | G20: 0 | H20: 0 | I20: 0 | J20: 0 | K20: 0
A21: Race for Scholars Fundraiser | C21: 15000 | D21: 24110 | E21: 20000 | F21: 24605 | G21: 25000 | H21: 27700 | I21: 28500 | J21: 37415 | K21: 30000 | L21: Fund raising event held in the fall (October). Income is primarily driven the sale of shirts and sponsorships
A22: Restaurant Night | C22: 2000 | D22: 4008.12 | E22: 3000 | F22: 4318.84 | G22: 4000 | H22: 4303.06 | I22: 4500 | J22: 4339.13 | K22: 4000 | L22: Partnership with restaurants for dinner nights throughout the school year with a portion of the proceeds are donated to the school, No expenses associated with the category
A23: Secret Santa Shop | C23: 1700 | D23: 782 | E23: 1000 | F23: 1670.26 | G23: 1200 | H23: 1327.28 | I23: 1300 | J23: 0 | K23: 0 | L23: Proceeds from the sale of christmas items at the christmas event in december.
A24: Scrip Sales | C24: 1500 | D24: 0 | E24: 0
A25: Spirit Shop | C25: 9000 | D25: 12361.86 | E25: 10000 | F25: 13258 | G25: 13000 | H25: 12747.41 | I25: 13000 | J25: 14012 | K25: 13000 | L25: Items purchased online through the spirit shop
A26: Sports | C26: 60000 | D26: 49877 | E26: 50000 | F26: 77266.52 | G26: 70000 | H26: 88420.25 | I26: 90000 | J26: 88384 | K26: 90000 | L26: Registration fees for sport sessions (i.e soccer, basketball, track etc.)
A27: Used Uniform Sales | C27: 5000 | D27: 13803 | E27: 9000 | F27: 7311 | G27: 7000 | H27: 6493.5 | I27: 7000 | J27: 9464 | K27: 8500 | L27: Sale of used uniforms held at events throughout the school year. There is 5% fee for the tagged items that were sold to the families that donated.
A28: Carry over from previous year | C28: - | D28: 0 | E28: 0
B29: TOTAL: | C29: 152500 | D29: =SUM(D5:D28) -> 138902.71 | E29: =SUM(E5:E28)-E7 -> 161300 | F29: =F5+F6+F7+F15+F16+F17+F21+F22+F23+F25+F26+F27 -> 217649.01 | G29: =G5+G6+G7+G15+G16+G17+G21+G22+G23+G25+G26+G27 -> 206700 | H29: =H5+H6+H7+H15+H16+H17+H21+H22+H23+H25+H26+H27 -> 229032.93 | I29: =I5+I6+I7+I15+I16+I17+I21+I22+I23+I25+I26+I27 -> 235600 | J29: =J5+J6+J7+J15+J16+J17+J21+J22+J23+J25+J26+J27 -> 246951.63 | K29: =K5+K6+K7+K15+K16+K17+K21+K22+K23+K25+K26+K27 -> 237450
A31: EXPENSES: | C31: 2021-2022 Budget | D31: 2021-2022 Actual | E31: 2023-2024 Budget | F31: 2023-2024 Actual | G31: 2024-2025 Budget | H31: 2024-2025 Actual | I31: 2025-2026 Budget | J31: 2025-2026 Actual | K31: 2026 -2027 Budget (PROPOSED) | L31: Purpose
A32: Bank Charge | C32: -100 | D32: 0 | E32: -100 | F32: 0 | G32: -100 | H32: 0 | I32: 0 | J32: -34.3 | K32: 0 | L32: Bank fees
A33: Class Activity Fee (CAF) | C33: -8500 | D33: -4894.69 | E33: -8500 | F33: -11017.27 | G33: -10000 | H33: -5549.46 | I33: -7000 | J33: -6237.19 | K33: -7000 | L33: Expenses for classroom events and parties
A34: Communications | C34: -100 | D34: 0 | E34: -100 | G34: -100 | H34: 0 | I34: 0 | J34: 0 | K34: 0
A35: Computer/Donation to School | C35: -5000 | D35: -5000 | E35: -5000 | G35: -5000 | H35: -10000 | I35: -5000 | J35: -5000 | K35: -5000 | L35: HSA donation to school
A36: Cultural Arts - Field Trips | C36: -26000 | D36: 0 | E36: -25000 | F36: -37416.24 | G36: -30000 | H36: -31512.91 | I36: -32000 | J36: -28226.54 | K36: =-K6 -> -30000 | L36: Classroom field trips which is paid by the parents. This should be a net zero balance with Cultural Arts Income - Field Trips. The expenses include entrance fees and transportation
A37: Family Activities | C37: -10050 | D37: =SUM(D38:D44) -> -3463.53 | E37: =SUM(E38:E44) -> -12000 | F37: =SUM(F38:F44) -> -18376.47 | G37: =SUM(G38:G44) -> -17700 | H37: =SUM(H38:H44) -> -20318.39 | I37: =SUM(I38:I44) -> -21300 | J37: =SUM(J38:J44) -> -20383.233 | K37: =SUM(K38:K44) -> -22900
B38: Back to School Picnic | C38: -2000 | D38: 0 | E38: -2200 | F38: -2210.8 | G38: -2200 | H38: -2126.95 | I38: -2300 | J38: -2381.62 | K38: -2700 | L38: Expenses related to the event may include food trucks, inflatables, dj and other supplies
B39: Breakfast with St. Nick | C39: -500 | D39: -547.47 | E39: -2500 | F39: -2120.71 | G39: -3500 | H39: -3472.16 | I39: -3200 | J39: -3751.18 | K39: -4500 | L39: Expense include inflatables, food, decorations, supplies other
B40: Fall Social | C40: 0 | D40: -680.08 | E40: -500 | H40: -12.85 | I40: -300 | J40: -94.94 | K40: -300
B41: Father Daughter Dance | C41: 0 | D41: -1260.6 | E41: -3000 | F41: -4137.15 | G41: -3000 | H41: -4720.75 | I41: -5250 | J41: -5356.63 | K41: -5500 | L41: Expenses include DJ, decorations, food and other supplies
B42: Mother Son Event | E42: -2500 | F42: -8504.5 | G42: -7500 | H42: -7768.15 | I42: -8000 | J42: -6857.88 | K42: -7500 | L42: Expense related to paying the venue, tip and and other souvenior
B43: International Night | C43: 0 | D43: 0 | E43: -450 | F43: -153.2 | G43: -500 | H43: -537.77 | I43: -500 | J43: -78.153 | K43: -500 | L43: Expenses are minimum since most items are donated and cooked by MoN families
B44: Spring K-5 Dance | C44: 0 | D44: -975.38 | E44: -850 | F44: -1250.11 | G44: -1000 | H44: -1679.76 | I44: -1750 | J44: -1862.83 | K44: -1900 | L44: Expenses include DJ and decorations. Food is 7th grade fund raiser
A45: Golf Event | C45: 0 | D45: -9742.85 | E45: -10000 | F45: -9467.95 | G45: -9500 | H45: -25108.98 | I45: -15000 | J45: -15955.65 | K45: -16000 | L45: Golf fees from country club
A46: Hospitality | C46: =SUM(C47:C58) -> -10200 | D46: =SUM(D47:D58) -> -11278.94 | E46: =SUM(E47:E58) -> -13250 | F46: =SUM(F47:F58) -> -15624 | G46: =SUM(G47:G58) -> -17300 | H46: =SUM(H47:H58) -> -18340.33 | I46: =SUM(I47:I58) -> -19250 | J46: =SUM(J47:J58) -> -20206.1 | K46: =SUM(K47:K58) -> -26050
B47: Hospitality-8th Grade Reception | C47: -3000 | D47: -5785.66 | E47: -4000 | F47: -2023.43 | G47: -2000 | H47: -2489.66 | I47: -2200 | J47: -2301.35 | K47: -2500 | L47: Expenses include food, balloons, decorations, and other supplies
B48: Hospitality- Banquet and gift - Graduation night | E48: 0 | F48: -1400 | G48: -1400 | H48: -1400 | I48: -1800 | J48: -2316.75 | K48: -2500 | L48: 8th reception banquet fees ($1,400 fee and 400 for gifts).
B49: Hospitality-8th Grade NYC Trip | E49: 0 | F49: 0 | G49: 0 | H49: 0 | I49: 0 | J49: 0 | K49: -5000
B50: Hospitality- Communion Reception | C50: -2500 | D50: -2095.58 | E50: -2250 | F50: -2408.64 | G50: -2250 | H50: -2493.53 | I50: -2750 | J50: -2732.12 | K50: -2750 | L50: 2nd grade communion in the spring | M50: NEW
B51: Hospitality-Field Day | C51: 0 | D51: -1090 | E51: -2000 | F51: -270.42 | G51: -2000 | H51: 0 | I51: 0 | J51: 0 | L51: supplies and Kona Ice truck
B52: Hospitality-Grandparents Day | C52: -1700 | D52: 0 | E52: -1800 | F52: -6284.39 | G52: -6000 | H52: -9253.04 | I52: -9500 | J52: -9258.92 | K52: -9500 | L52: Caterer, supplies, decorations, programs, invitations | M52: Send out to bid
B53: Hospitality-HSA Meetings | C53: -600 | D53: -107.06 | E53: -200 | F53: -150 | G53: -200 | H53: 0 | I53: 0 | J53: 0 | L53: Speaker fees for HSA meetings
B54: Hospitality-Kindergarten Graduation | C54: -500 | D54: -427.82 | E54: -300 | F54: -303.86 | G54: -500 | H54: -631.78 | I54: -750 | J54: -758.14 | K54: -800 | L54: Food, programs and decorations
B55: Hospitality-May Crowning | C55: -1600 | D55: -1642.11 | E55: -1750 | F55: -1775.76 | G55: -1750 | H55: -2072.32 | I55: -2250 | J55: -2838.82 | K55: -3000 | L55: Flowers, decorations, crosses
B56: Hospitality-New Family Coffee | C56: - | D56: 0 | E56: -100 | F56: 0 | G56: -100 | H56: 0 | I56: 0 | J56: 0 | K56: 0
B57: Hospitality-Open House | C57: 0 | D57: 0 | E57: -100 | F57: 0 | G57: -100 | H57: 0 | I57: 0 | J57: 0 | K57: 0
B58: Hospitality-Volunteer Celebration | C58: -300 | D58: -130.71 | E58: -750 | F58: -1007.5 | G58: -1000 | H58: 0 | I58: 0 | J58: 0 | K58: 0 | L58: Food and drinks
A59: In-House HSA Programs | C59: -4400 | D59: -3810.34 | E59: -5850 | F59: =SUM(F60:F68) -> -2886.95 | G59: =SUM(G60:G68) -> -4850 | H59: =SUM(H60:H68) -> -1935.28 | I59: =SUM(I60:I68) -> -4400 | J59: =SUM(J60:J68) -> -9571.21 | K59: =SUM(K60:K68) -> -10450
B60: Emergency Kits | C60: -150 | D60: 0 | E60: -100 | F60: -81.6 | G60: -100 | H60: -91.08 | I60: -200 | J60: -435.66 | K60: -500 | L60: Emergency kits for classrooms usually done by the HSA secretary
B61: HSA CAF Shopify Fees | C61: 0 | D61: 0 | E61: -600 | F61: -708.61 | G61: -700 | H61: -572.33 | I61: -700 | J61: -4898.09 | K61: -5000 | L61: Shopify fees for CAF and HSA dues absorbed by HAS. Other shoify fees are charged to the specific event.
B62: Office Supplies | E62: -300 | F62: 0 | G62: -300 | H62: -190.68 | I62: -300 | J62: -431.42 | K62: -1500 | L62: Stamps, evenlopes, ink, binders | M62: Increased due to supply needs
B63: Other | E63: -2000 | F63: -1771.74 | G63: -2000 | H63: -629.55 | I63: -1000 | J63: -552.88 | K63: =-1500 -> -1500 | L63: Christmas Bingo (Moved to its own line) Catholic School Week Vendor (2024 was Science Guys)
B64: Scholarships, Awards | C64: -550 | D64: -500 | E64: -500 | F64: -325 | G64: -500 | H64: -350 | I64: -400 | J64: -250 | K64: -500 | L64: 8th grade scholarships which is provided in May
B65: Volunteer Gifts | C65: -250 | D65: -250 | E65: -250 | G65: -250 | H65: 0 | I65: 0 | J65: -1324.75 | K65: -1000
B66: Computer Expense | E66: 0 | F66: 0 | G66: 0 | H66: -101.64 | I66: -100 | J66: -108 | K66: -200 | L66: quicken annual fee
B67: Ipad and card readers for POS | H67: 0 | I67: -700 | J67: -690.28 | K67: -250
B68: Computer equipment | E68: 1000 | G68: -1000 | H68: 0 | I68: -1000 | J68: -880.13 | K68: 0 | L68: Treasurer computer
A69: Other Exp | C69: -1600 | D69: 0 | E69: =SUM(E70:E72) -> -400 | F69: =SUM(F70:F72) -> -578.2 | G69: =SUM(G70:G72) -> -500 | H69: =SUM(H70:H72) -> -643.74 | I69: =SUM(I70:I72) -> -700 | J69: =SUM(J70:J72) -> -637.84 | K69: =SUM(K70:K72) -> -700
B70: Chess Club | C70: 0 | D70: 0 | E70: 0 | F70: 0 | G70: 0
B71: Lego League | C71: 0 | D71: 0 | E71: 0 | F71: 0 | G71: 0
B72: Spelling Bee | C72: 0 | D72: 0 | E72: -400 | F72: -578.2 | G72: -500 | H72: -643.74 | I72: -700 | J72: -637.84 | K72: -700
A73: Race for Scholars Fundraiser | C73: -4000 | D73: -5313.33 | E73: -5500 | F73: -5618 | G73: -5500 | H73: -6456.95 | I73: -8000 | J73: -6116.96 | K73: -6200 | L73: Production cost for shirts
A74: Restaurant Nights | E74: -1000 | F74: -636 | G74: 0 | H74: 0 | I74: 0 | J74: 0 | K74: 0 | L74: Usually no expense. But received insufficient funds from one restaurant from last school year
A75: Secret Santa Shop | F75: -624.03 | G75: -1000 | H75: -1031.08 | I75: -1300 | J75: 0 | K75: 0 | L75: Costs to buy items for the santa shop
A76: Christmas Bingo | E76: 0 | F76: 0 | G76: 0 | H76: 0 | I76: 0 | J76: -780.53 | K76: -800
A77: Social Concerns | C77: -200 | D77: 0 | E77: 0 | J77: -1976 | K77: -2000
A78: Spirit Shop | C78: -8000 | D78: -14133.39 | E78: -10000 | F78: -8302.13 | G78: -10000 | H78: -12780.43 | I78: -13000 | J78: -7296.33 | K78: -7000 | L78: cost to buy items and personalized for the shop
A79: Sports | C79: -60000 | D79: -46391.31 | E79: -50000 | F79: -90379.07 | G79: -75000 | H79: -68440 | I79: -75000 | J79: -76850.21 | K79: =-75000-7500-2500 -> -85000 | L79: Expenses related to sports events | M79: Added the expense for soccer goals and Fencing invoice for 2025 - 2026
A80: Staff Expenses | C80: =SUM(C81:C85) -> -14100 | D80: =SUM(D81:D85) -> -12933.7 | E80: -14500 | F80: =SUM(F81:F87) -> -15408.37 | G80: =SUM(G81:G85) -> -16100 | H80: =SUM(H81:H85) -> -16729.09 | I80: =SUM(I81:I85) -> -19500 | J80: =SUM(J81:J85) -> -17254.77 | K80: -19500
B81: Staff Appreciation | C81: -2300 | D81: -3651.72 | E81: -4500 | F81: -4044.22 | G81: -4500 | H81: -4763.9 | I81: -6500 | J81: -5545.83 | K81: -6500 | L81: Classroom luncheon by grade $200 Beg of th year, end of year, communion and snack bar for faculty, teacher birthdya cards
B82: Staff Breakfast | C82: -400 | D82: 0 | E82: 0 | F82: 0 | G82: 0 | I82: 0 | J82: 0
B83: Staff Christmas Gifts | C83: -8900 | D83: -7814.94 | E83: -7900 | F83: -9650.44 | G83: -9500 | H83: -10336.28 | I83: -11000 | J83: -9969.38 | K83: -11000 | L83: Gift cards for faculty
B84: Staff Retreat | C84: -1000 | D84: -1000 | E84: -1000 | F84: -1000 | G84: -1000 | H84: -1000 | I84: -1000 | J84: -1000 | K84: -1000
B85: Teacher Resources | C85: -1500 | D85: -467.04 | E85: -1100 | F85: -713.71 | G85: -1100 | H85: -628.91 | I85: -1000 | J85: -739.56 | K85: -1200 | L85: Each teacher gets a stipend of $85 for supplies for the school. That is max amount per faculty member.
A86: Used Uniform Expense | C86: 0 | D86: 0 | E86: -100 | F86: 0 | G86: -2300 | H86: -2287 | I86: -2500 | J86: -1410.87 | K86: -1650
A87: Surplus to carry over
B88: TOTAL: | C88: =C32+C33+C34+C35+C36+C37+C45+C46+C59+C69+C73+C74+C77+C78+C79+C80+C65+C86 -> -152500 | D88: =D32+D33+D34+D35+D36+D37+D45+D46+D59+D69+D73+D74+D77+D78+D79+D80+D65+D86 -> -117212.08 | E88: =E32+E33+E34+E35+E36+E37+E45+E46+E59+E69+E73+E74+E77+E78+E79+E80+E86 -> -161300 | F88: =F32+F33+F34+F35+F36+F37+F45+F46+F59+F69+F73+F74+F75+F78+F79+F80 -> -216334.68 | G88: =G32+G33+G34+G35+G36+G37+G45+G46+G59+G69+G73+G74+G75+G78+G79+G80+G86 -> -204950 | H88: =H32+H33+H34+H35+H36+H37+H45+H46+H59+H69+H73+H74+H75+H78+H79+H80+H86 -> -221133.64 | I88: =I32+I33+I34+I35+I36+I37+I45+I46+I59+I69+I73+I74+I75+I78+I79+I80+I86 -> -223950 | J88: =J32+J33+J34+J35+J36+J37+J45+J46+J59+J69+J73+J74+J75+J78+J79+J80+J86+J77+J76 -> -217937.73 | K88: =K32+K33+K34+K35+K36+K37+K45+K46+K59+K69+K73+K74+K75+K78+K79+K80+K86 -> -237450
A90: Surplus | F90: =F29+F88 -> 1314.33 | G90: =G29+G88 -> 1750 | H90: =H29+H88 -> 7899.29 | I90: =I29+I88 -> 11650 | J90: =J29+J88 -> 29013.897 | K90: =K29+K88 -> 0

Sheet Teacher Appreciation
A2: Staff Lunches
B5: Total Budget | C5: =Budget!K81 -> -6500
B7: K | C7: 300
B8: 1 | C8: 300
B9: 2 | C9: 300
B10: 3 | C10: 300
B11: 4 | C11: 400
B12: 5 | C12: 300
B13: 6 | C13: 300
B14: 7 | C14: 300
B15: 8 | C15: 300
C16: =SUM(C7:C15) -> 2800
B18: Remainder | C18: =C5+C16 -> -3700 | D18: For 3 lunches
B20: Birthdays | C20: $25 Gift cards

Sheet Bud to Act - 9.15.25
A1: 2025 - 2026
A2: Mary of Nazareth Home & School Association Budget
L3: Based off of Prior year results plus any known increases for expenses
A4: INCOME: | C4: 2021-2022 Budget | D4: 2021-2022 Actual | E4: 2023-2024 Budget | F4: 2023-2024 Actual | G4: 2024-2025 Budget | H4: 2024-2025 Actual | I4: 2025-2026 Budget PROPOSED | J4: Purpose | L4: Actual as of 9/15/2025 | M4: Count | N4: Variance | Q4: HSA and CAF Underruns
A5: Class Activity Fee (CAF) | C5: 8500 | D5: 8780 | E5: 8500 | F5: 10600 | G5: 10000 | H5: 8400 | I5: 9000 | J5: CAF fees for classroom related activitives. Managed by the room parents | L5: =GETPIVOTDATA("Total sales",PIVOT!$A$3,"Line Item","CAF") -> 4160 | M5: =GETPIVOTDATA("Sum of Net items sold",PIVOT!$A$3,"Line Item","CAF") -> 208 | N5: =L5-I5 -> -4840 | Q5: =N5+N17 -> -8340
A6: Cultural Arts - Field Trips | C6: 26000 | D6: 0 | E6: 25000 | F6: 36963.91 | G6: 30000 | H6: 30625.39 | I6: 31000 | J6: Classroom field trips which is paid by the parents. This should be a net zero balance with Cultural Arts Expense - Field Trips
A7: Family Activities | C7: 11000 | D7: 0 | E7: =SUM(E8:E14) -> 15300 | F7: =SUM(F8:F14) -> 19135 | G7: =SUM(G8:G14) -> 22800 | H7: =SUM(H8:H14) -> 25383.64 | I7: =SUM(I8:I14) -> 26500
B8: Back To School Picnic | C8: 2800 | D8: 0 | E8: 4200 | F8: 4140 | G8: 4400 | H8: 5125 | I8: 5500 | J8: Event held after the return of the school year. | L8: =GETPIVOTDATA("Total sales",PIVOT!$A$3,"Line Item","PICN") -> 5675 | M8: =GETPIVOTDATA("Sum of Net items sold",PIVOT!$A$3,"Line Item","PICN") -> 227 | N8: =L8-I8 -> 175
B9: Breakfast with St. Nick | C9: - | D9: 0 | E9: 3200 | F9: 0 | G9: 3500 | H9: 4270 | I9: 4500 | J9: Income/Fees collected for the Christmas event
B10: Fall Social | C10: - | D10: 535 | E10: 0 | F10: 0 | G10: 0 | H10: 325 | I10: 0
B11: Father Daughter Dance | C11: - | D11: 980 | E11: 3300 | F11: 3885 | G11: 3500 | H11: 3920 | I11: 4000 | J11: Income from the sale of the event set by the chair of the event
B12: Mother Son Event | E12: 2500 | F12: 7875 | G12: 8000 | H12: 7415.64 | I12: 8000 | J12: New event in 2023. Event was held at the bowling alley
B13: International Night | C13: - | D13: 0 | E13: 1300 | F13: 1980 | G13: 1900 | H13: 3140 | I13: 3000 | J13: Income from the sale of the event set by the chair of the event
B14: Spring K-5 Dance | C14: - | D14: 2033.18 | E14: 800 | F14: 1255 | G14: 1500 | H14: 1188 | I14: 1500 | J14: Income from the sale of the event set by the chair of the event
A15: Golf Event | C15: - | D15: 12775 | E15: 12000 | F15: 14955 | G15: 16000 | H15: 17910 | I15: 18000 | J15: Golf event held to raise funds for the sports committee. This is considered sports committee income | L15: =GETPIVOTDATA("Total sales",PIVOT!$A$3,"Line Item","Golf") -> 4625 | M15: =GETPIVOTDATA("Sum of Net items sold",PIVOT!$A$3,"Line Item","Golf") -> 10 | N15: =L15-I15 -> -13375 | O15: 5 foursomes/1 individual/1 dinner sponser/1 Bagpiper sponser/2 BBQ and wine
A16: Food Fundraisers | C16: 1000 | D16: 1743.5 | E16: 500 | F16: 340.48 | G16: 500 | H16: 22.4 | I16: 300 | J16: Harris teeter / box tops program
A17: HSA Dues | C17: 7000 | D17: 7114.05 | E17: 7000 | F17: 7225 | G17: 7200 | H17: 5700 | I17: 6500 | J17: HSA fee of $25 per family for the school year. | L17: =GETPIVOTDATA("Total sales",PIVOT!$A$3,"Line Item","HSA Dues") -> 3000 | M17: =GETPIVOTDATA("Sum of Net items sold",PIVOT!$A$3,"Line Item","HSA Dues") -> 120 | N17: =L17-I17 -> -3500
A18: Other | C18: 2000 | D18: 0 | E18: 0
B19: Lego League | C19: - | D19: 0 | E19: 0 | F19: 0 | G19: 0 | H19: 0 | I19: 0
B20: Chess Club | C20: - | D20: 0 | E20: 0 | F20: 0 | G20: 0 | H20: 0 | I20: 0
A21: Race for Scholars Fundraiser | C21: 15000 | D21: 24110 | E21: 20000 | F21: 24605 | G21: 25000 | H21: 27700 | I21: 28500 | J21: Fund raising event held in the fall (October). Income is primarily driven the sale of shirts and sponsorships | L21: =GETPIVOTDATA("Total sales",PIVOT!$A$3,"Line Item","RACE") -> 3475 | M21: =GETPIVOTDATA("Sum of Net items sold",PIVOT!$A$3,"Line Item","RACE") -> 5 | N21: =L21-I21 -> -25025 | O21: Sponsorhips due to me by 9/28
A22: Restaurant Night | C22: 2000 | D22: 4008.12 | E22: 3000 | F22: 4318.84 | G22: 4000 | H22: 4303.06 | I22: 4500 | J22: Partnership with restaurants for dinner nights throughout the school year with a portion of the proceeds are donated to the school, No expenses associated with the category | O22: Tee shirts Sales
A23: Secret Santa Shop | C23: 1700 | D23: 782 | E23: 1000 | F23: 1670.26 | G23: 1200 | H23: 1327.28 | I23: 1300 | J23: Proceeds from the sale of christmas items at the christmas event in december.
A24: Scrip Sales | C24: 1500 | D24: 0 | E24: 0
A25: Spirit Shop | C25: 9000 | D25: 12361.86 | E25: 10000 | F25: 13258 | G25: 13000 | H25: 12747.41 | I25: 13000 | J25: Items purchased online through the spirit shop | L25: =GETPIVOTDATA("Total sales",PIVOT!$A$3,"Line Item","Spirit") -> 4081 | M25: =GETPIVOTDATA("Sum of Net items sold",PIVOT!$A$3,"Line Item","Spirit") -> 151 | N25: =L25-I25 -> -8919
A26: Sports | C26: 60000 | D26: 49877 | E26: 50000 | F26: 77266.52 | G26: 70000 | H26: 88420.25 | I26: 90000 | J26: Registration fees for sport sessions (i.e soccer, basketball, track etc.)
A27: Used Uniform Sales | C27: 5000 | D27: 13803 | E27: 9000 | F27: 7311 | G27: 7000 | H27: 6493.5 | I27: 7000 | J27: Sale of used uniforms held at events throughout the school year. There is 5% fee for the tagged items that were sold to the families that donated. | L27: =GETPIVOTDATA("Total sales",PIVOT!$A$3,"Line Item","UNIFORM") -> 3242 | M27: =GETPIVOTDATA("Sum of Net items sold",PIVOT!$A$3,"Line Item","UNIFORM") -> 459 | N27: =L27-I27 -> -3758
A28: Carry over from previous year | C28: - | D28: 0 | E28: 0
B29: TOTAL: | C29: 152500 | D29: =SUM(D5:D28) -> 138902.71 | E29: =SUM(E5:E28)-E7 -> 161300 | F29: =F5+F6+F7+F15+F16+F17+F21+F22+F23+F25+F26+F27 -> 217649.01 | G29: =G5+G6+G7+G15+G16+G17+G21+G22+G23+G25+G26+G27 -> 206700 | H29: =H5+H6+H7+H15+H16+H17+H21+H22+H23+H25+H26+H27 -> 229032.93 | I29: =I5+I6+I7+I15+I16+I17+I21+I22+I23+I25+I26+I27 -> 235600 | L29: =SUM(L5:L27) -> 28258 | N29: =SUM(N5:N27) -> -59242
K30: Check | L30: =L29-GETPIVOTDATA("Total sales",PIVOT!$A$3) -> 0
A31: EXPENSES: | C31: 2021-2022 Budget | D31: 2021-2022 Actual | E31: 2023-2024 Budget | F31: 2023-2024 Actual | G31: 2024-2025 Budget | H31: 2024-2025 Actual | I31: 2025-2026 Budget PROPOSED | J31: Purpose
A32: Bank Charge | C32: -100 | D32: 0 | E32: -100 | F32: 0 | G32: -100 | H32: 0 | I32: 0 | J32: Bank fees
A33: Class Activity Fee (CAF) | C33: -8500 | D33: -4894.69 | E33: -8500 | F33: -11017.27 | G33: -10000 | H33: -5549.46 | I33: -7000 | J33: Expenses for classroom events and parties | L33: 0
A34: Communications | C34: -100 | D34: 0 | E34: -100 | G34: -100 | H34: 0 | I34: 0 | L34: 0
A35: Computer/Donation to School | C35: -5000 | D35: -5000 | E35: -5000 | G35: -5000 | H35: -10000 | I35: -5000 | J35: HSA donation to school | L35: 0
A36: Cultural Arts - Field Trips | C36: -26000 | D36: 0 | E36: -25000 | F36: -37416.24 | G36: -30000 | H36: -31512.91 | I36: -32000 | J36: Classroom field trips which is paid by the parents. This should be a net zero balance with Cultural Arts Income - Field Trips. The expenses include entrance fees and transportation | L36: 0
A37: Family Activities | C37: -10050 | D37: =SUM(D38:D44) -> -3463.53 | E37: =SUM(E38:E44) -> -12000 | F37: =SUM(F38:F44) -> -18376.47 | G37: =SUM(G38:G44) -> -17700 | H37: =SUM(H38:H44) -> -20318.39 | I37: =SUM(I38:I44) -> -21300
B38: Back to School Picnic | C38: -2000 | D38: 0 | E38: -2200 | F38: -2210.8 | G38: -2200 | H38: -2126.95 | I38: -2300 | J38: Expenses related to the event may include food trucks, inflatables, dj and other supplies | L38: =1056+975 -> 2031
B39: Breakfast with St. Nick | C39: -500 | D39: -547.47 | E39: -2500 | F39: -2120.71 | G39: -3500 | H39: -3472.16 | I39: -3200 | J39: Expense include inflatables, food, decorations, supplies other
B40: Fall Social | C40: 0 | D40: -680.08 | E40: -500 | H40: -12.85 | I40: -300
B41: Father Daughter Dance | C41: 0 | D41: -1260.6 | E41: -3000 | F41: -4137.15 | G41: -3000 | H41: -4720.75 | I41: -5250 | J41: Expenses include DJ, decorations, food and other supplies
B42: Mother Son Event | E42: -2500 | F42: -8504.5 | G42: -7500 | H42: -7768.15 | I42: -8000 | J42: Expense related to paying the venue, tip and and other souvenior
B43: International Night | C43: 0 | D43: 0 | E43: -450 | F43: -153.2 | G43: -500 | H43: -537.77 | I43: -500 | J43: Expenses are minimum since most items are donated and cooked by MoN families
B44: Spring K-5 Dance | C44: 0 | D44: -975.38 | E44: -850 | F44: -1250.11 | G44: -1000 | H44: -1679.76 | I44: -1750 | J44: Expenses include DJ and decorations. Food is 7th grade fund raiser
A45: Golf Event | C45: 0 | D45: -9742.85 | E45: -10000 | F45: -9467.95 | G45: -9500 | H45: -25108.98 | I45: -15000 | J45: Golf fees from country club | L45: 1000
A46: Hospitality | C46: =SUM(C47:C57) -> -10200 | D46: =SUM(D47:D57) -> -11278.94 | E46: =SUM(E47:E57) -> -13250 | F46: =SUM(F47:F57) -> -15624 | G46: =SUM(G47:G57) -> -17300 | H46: =SUM(H47:H57) -> -18340.33 | I46: =SUM(I47:I57) -> -19250
B47: Hospitality-8th Grade Reception | C47: -3000 | D47: -5785.66 | E47: -4000 | F47: -2023.43 | G47: -2000 | H47: -2489.66 | I47: -2200 | J47: Expenses include food, balloons, decorations, and other supplies
B48: Hospitality- Banquet and gift - Graduation night | E48: 0 | F48: -1400 | G48: -1400 | H48: -1400 | I48: -1800 | J48: 8th reception banquet fees ($1,400 fee and 400 for gifts).
B49: Hospitality- Communion Reception | C49: -2500 | D49: -2095.58 | E49: -2250 | F49: -2408.64 | G49: -2250 | H49: -2493.53 | I49: -2750 | J49: 2nd grade communion in the spring
B50: Hospitality-Field Day | C50: 0 | D50: -1090 | E50: -2000 | F50: -270.42 | G50: -2000 | H50: 0 | I50: 0 | J50: supplies and Kona Ice truck
B51: Hospitality-Grandparents Day | C51: -1700 | D51: 0 | E51: -1800 | F51: -6284.39 | G51: -6000 | H51: -9253.04 | I51: -9500 | J51: Caterer, supplies, decorations, programs, invitations
B52: Hospitality-HSA Meetings | C52: -600 | D52: -107.06 | E52: -200 | F52: -150 | G52: -200 | H52: 0 | I52: 0 | J52: Speaker fees for HSA meetings
B53: Hospitality-Kindergarten Graduation | C53: -500 | D53: -427.82 | E53: -300 | F53: -303.86 | G53: -500 | H53: -631.78 | I53: -750 | J53: Food, programs and decorations
B54: Hospitality-May Crowning | C54: -1600 | D54: -1642.11 | E54: -1750 | F54: -1775.76 | G54: -1750 | H54: -2072.32 | I54: -2250 | J54: Flowers, decorations, crosses
B55: Hospitality-New Family Coffee | C55: - | D55: 0 | E55: -100 | F55: 0 | G55: -100 | H55: 0 | I55: 0
B56: Hospitality-Open House | C56: 0 | D56: 0 | E56: -100 | F56: 0 | G56: -100 | H56: 0 | I56: 0
B57: Hospitality-Volunteer Celebration | C57: -300 | D57: -130.71 | E57: -750 | F57: -1007.5 | G57: -1000 | H57: 0 | I57: 0 | J57: Food and drinks
A58: In-House HSA Programs | C58: -4400 | D58: -3810.34 | E58: -5850 | F58: =SUM(F59:F67) -> -2886.95 | G58: =SUM(G59:G67) -> -4850 | H58: =SUM(H59:H67) -> -1935.28 | I58: =SUM(I59:I67) -> -4400
B59: Emergency Kits | C59: -150 | D59: 0 | E59: -100 | F59: -81.6 | G59: -100 | H59: -91.08 | I59: -200 | J59: Emergency kits for classrooms usually done by the HSA secretary
B60: HSA CAF Shopify Fees | C60: 0 | D60: 0 | E60: -600 | F60: -708.61 | G60: -700 | H60: -572.33 | I60: -700 | J60: Shopify fees for CAF and HSA dues absorbed by HAS. Other shoify fees are charged to the specific event.
B61: Office Supplies | E61: -300 | F61: 0 | G61: -300 | H61: -190.68 | I61: -300 | J61: Stamps, evenlopes, ink, binders
B62: Other | E62: -2000 | F62: -1771.74 | G62: -2000 | H62: -629.55 | I62: -1000 | J62: Christmas Bingo Catholic School Week Vendor (2024 was Science Guys)
B63: Scholarships, Awards | C63: -550 | D63: -500 | E63: -500 | F63: -325 | G63: -500 | H63: -350 | I63: -400 | J63: 8th grade scholarships which is provided in May
B64: Volunteer Gifts | C64: -250 | D64: -250 | E64: -250 | G64: -250 | H64: 0 | I64: 0
B65: Computer Expense | E65: 0 | F65: 0 | G65: 0 | H65: -101.64 | I65: -100 | J65: quicken annual fee
B66: Ipad and card readers for POS | H66: 0 | I66: -700
B67: Computer equipment | E67: 1000 | G67: -1000 | H67: 0 | I67: -1000 | J67: Treasurer computer
A68: Other Exp | C68: -1600 | D68: 0 | E68: =SUM(E69:E71) -> -400 | F68: =SUM(F69:F71) -> -578.2 | G68: =SUM(G69:G71) -> -500 | H68: =SUM(H69:H71) -> -643.74 | I68: =SUM(I69:I71) -> -700
B69: Chess Club | C69: 0 | D69: 0 | E69: 0 | F69: 0 | G69: 0
B70: Lego League | C70: 0 | D70: 0 | E70: 0 | F70: 0 | G70: 0
B71: Spelling Bee | C71: 0 | D71: 0 | E71: -400 | F71: -578.2 | G71: -500 | H71: -643.74 | I71: -700
A72: Race for Scholars Fundraiser | C72: -4000 | D72: -5313.33 | E72: -5500 | F72: -5618 | G72: -5500 | H72: -6456.95 | I72: -8000 | J72: Production cost for shirts | K72: Will be paying for Security guard
A73: Restaurant Nights | E73: -1000 | F73: -636 | G73: 0 | H73: 0 | J73: Usually no expense. But received insufficient funds from one restaurant from last school year
A74: Secret Santa Shop | F74: -624.03 | G74: -1000 | H74: -1031.08 | I74: -1300 | J74: Costs to buy items for the santa shop
A75: Social Concerns | C75: -200 | D75: 0 | E75: 0
A76: Spirit Shop | C76: -8000 | D76: -14133.39 | E76: -10000 | F76: -8302.13 | G76: -10000 | H76: -12780.43 | I76: -13000 | J76: cost to buy items and personalized for the shop
A77: Sports | C77: -60000 | D77: -46391.31 | E77: -50000 | F77: -90379.07 | G77: -75000 | H77: -68440 | I77: -75000 | J77: Expenses related to sports events
A78: Staff Expenses | C78: =SUM(C79:C83) -> -14100 | D78: =SUM(D79:D83) -> -12933.7 | E78: -14500 | F78: =SUM(F79:F85) -> -15408.37 | G78: =SUM(G79:G83) -> -16100 | H78: =SUM(H79:H83) -> -16729.09 | I78: =SUM(I79:J83) -> -19500
B79: Staff Appreciation | C79: -2300 | D79: -3651.72 | E79: -4500 | F79: -4044.22 | G79: -4500 | H79: -4763.9 | I79: -6500 | J79: Classroom luncheon by grade $200 Beg of th year, end of year, communion and snack bar for faculty, teacher birthdya cards
B80: Staff Breakfast | C80: -400 | D80: 0 | E80: 0 | F80: 0 | G80: 0 | I80: 0
B81: Staff Christmas Gifts | C81: -8900 | D81: -7814.94 | E81: -7900 | F81: -9650.44 | G81: -9500 | H81: -10336.28 | I81: -11000 | J81: Gift cards for faculty
B82: Staff Retreat | C82: -1000 | D82: -1000 | E82: -1000 | F82: -1000 | G82: -1000 | H82: -1000 | I82: -1000
B83: Teacher Resources | C83: -1500 | D83: -467.04 | E83: -1100 | F83: -713.71 | G83: -1100 | H83: -628.91 | I83: -1000 | J83: Each teacher gets a stipend of $85 for supplies for the school. That is max amount per faculty member.
A84: Used Uniform Expense | C84: 0 | D84: 0 | E84: -100 | F84: 0 | G84: -2300 | H84: -2287 | I84: -2500
A85: Surplus to carry over
B86: TOTAL: | C86: =C32+C33+C34+C35+C36+C37+C45+C46+C58+C68+C72+C73+C75+C76+C77+C78+C64+C84 -> -152500 | D86: =D32+D33+D34+D35+D36+D37+D45+D46+D58+D68+D72+D73+D75+D76+D77+D78+D64+D84 -> -117212.08 | E86: =E32+E33+E34+E35+E36+E37+E45+E46+E58+E68+E72+E73+E75+E76+E77+E78+E84 -> -161300 | F86: =F32+F33+F34+F35+F36+F37+F45+F46+F58+F68+F72+F73+F74+F76+F77+F78 -> -216334.68 | G86: =G32+G33+G34+G35+G36+G37+G45+G46+G58+G68+G72+G73+G74+G76+G77+G78+G84 -> -204950 | H86: =H32+H33+H34+H35+H36+H37+H45+H46+H58+H68+H72+H73+H74+H76+H77+H78+H84 -> -221133.64 | I86: =I32+I33+I34+I35+I36+I37+I45+I46+I58+I68+I72+I73+I74+I76+I77+I78+I84 -> -223950
A88: Surplus | F88: =F29+F86 -> 1314.33 | G88: =G29+G86 -> 1750 | H88: =H29+H86 -> 7899.29 | I88: =I29+I86 -> 11650

Sheet Shopify 9-15-25
A1: Line Item | B1: Product title | C1: Product variant title | D1: Product variant SKU | E1: Net items sold | F1: Gross sales | G1: Discounts | H1: Returns | I1: Net sales | J1: Taxes | K1: Total sales
A2: CAF | B2: 1st grade CAF - Class Activity Fee | C2: Default Title | E2: 26 | F2: 520 | G2: 0 | H2: 0 | I2: 520 | J2: 0 | K2: 520
A3: Golf | B3: 2025 An Evening on the Green: Wine Tasting and Dinner | C3: Default Title | E3: 2 | F3: 150 | G3: 0 | H3: 0 | I3: 150 | J3: 0 | K3: 150
A4: Golf | B4: 2025 Golf Outing: Bagpiper Sponsor | C4: Default Title | E4: 1 | F4: 300 | G4: 0 | H4: 0 | I4: 300 | J4: 0 | K4: 300
A5: Golf | B5: 2025 Golf Outing: Dinner Sponsor | C5: Default Title | E5: 1 | F5: 500 | G5: 0 | H5: 0 | I5: 500 | J5: 0 | K5: 500
A6: Golf | B6: 2025 Golf Outing: Foursome Registration | C6: Default Title | E6: 5 | F6: 3500 | G6: 0 | H6: 0 | I6: 3500 | J6: 0 | K6: 3500
A7: Golf | B7: 2025 Golf Outing: Individual Registration | C7: Default Title | E7: 1 | F7: 175 | G7: 0 | H7: 0 | I7: 175 | J7: 0 | K7: 175
A8: CAF | B8: 2nd grade CAF - Class Activity Fee | C8: Default Title | E8: 22 | F8: 440 | G8: 0 | H8: 0 | I8: 440 | J8: 0 | K8: 440
A9: CAF | B9: 3rd grade CAF - Class Activity Fee | C9: Default Title | E9: 26 | F9: 520 | G9: 0 | H9: 0 | I9: 520 | J9: 0 | K9: 520
A10: CAF | B10: 4th grade CAF - Class Activity Fee | C10: Default Title | E10: 25 | F10: 500 | G10: 0 | H10: 0 | I10: 500 | J10: 0 | K10: 500
A11: CAF | B11: 5th grade CAF - Class Activity Fee | C11: Default Title | E11: 25 | F11: 500 | G11: 0 | H11: 0 | I11: 500 | J11: 0 | K11: 500
A12: CAF | B12: 6th grade CAF - Class Activity Fee | C12: Default Title | E12: 18 | F12: 360 | G12: 0 | H12: 0 | I12: 360 | J12: 0 | K12: 360
A13: CAF | B13: 7th grade CAF - Class Activity Fee | C13: Default Title | E13: 22 | F13: 440 | G13: 0 | H13: 0 | I13: 440 | J13: 0 | K13: 440
... A74: UNIFORM | B74: Used Uniform: PE T-shirt with logo | C74: Default Title | E74: 52 | F74: 260 | G74: 0 | H74: 0 | I74: 260 | J74: 0 | K74: 260

Sheet PIVOT
A3: Row Labels | B3: Sum of Total sales | C3: Sum of Net items sold
A4: CAF | B4: 4160 | C4: 208
A5: Golf | B5: 4625 | C5: 10
A6: HSA Dues | B6: 3000 | C6: 120
A7: PICN | B7: 5675 | C7: 227
A8: RACE | B8: 3475 | C8: 5
A9: Spirit | B9: 4081 | C9: 151
A10: UNIFORM | B10: 3242 | C10: 459
A11: Grand Total | B11: 28258 | C11: 1180
